 Dungeon Crawl Stone Soup version 0.32-a0-918-g0f22ef8d61 (webtiles) character file.

Game seed: 3278026083576924476

3 HilariousDeathArtist the Ruffian (level 1, -2/16 HPs)
             Began as an Armataur Shapeshifter on Apr 11, 2024.
             Slain by a kobold
             ... wielding a +0 club
              (3 damage)
             ... on level 1 of the Dungeon.
             The game lasted 00:00:23 (33 turns).

HilariousDeathArtist the Ruffian (AtSh)               Turns: 33, Time: 00:00:23

Health: -2/16      AC:  4    Str: 19    XL:     1   Next: 41%
Magic:  1/1        EV:  8    Int: 10    God:
Gold:   0          SH:  0    Dex:  9    Spells: 0/0 levels left

rFire   . .          .
                       - Unarmed
rCold   . . .        (no shield)
rNeg    . . .        a - +0 animal skin
rPois   .            (helmet currently unavailable)
rElec   .            (cloak currently unavailable)
rCorr   .            (gloves currently unavailable)
SInv    .            (no barding)
Will    .....        (no amulet)
Stlth   +            (no ring)
HPRegen 0.22/turn    (no ring)
MPRegen 0.07/turn

%: roll
@: beast-form
A: beast (slay +1), large, deformed body, tough skin 3, armoured tail, rollpage
1
a: Begin Untransformation


You were on level 1 of the Dungeon.
You were a hulking beast.
You visited 1 branch of the dungeon, and saw 1 of its levels.

Inventory:

Armour
 a - a +0 animal skin (worn)
Talismans
 c - a beast talisman (active)
 d - a flux talisman
Scrolls
 b - a scroll of identify {unknown}
Potions
 P - a potion of lignification {!q}


   Skills:
 + Level 1.0 Fighting
 - Level 1.3 Dodging
 + Level 2.7 Unarmed Combat
 + Level 2.7 Shapeshifting


You couldn't memorise any spells.
You didn't know any spells.
Your spell library was empty.

Dungeon Overview and Level Annotations

Branches:
Dungeon (1/15)

Altars:


Innate Abilities, Weirdness & Mutations

You are a hulking beast.
Your limbs bulge with bestial killing power. (Slay +1)
Armour fits poorly on your strangely shaped body.
You have extremely tough skin. (AC +3)
You have a long armoured tail.
You regenerate magic when rolling toward enemies. (Rampage MPRegen)


Message History

Bad channel name 'Jiyva says' for runrest: 'Jiyva says: Divide and consume' Welcome, HilariousDeathArtist the Armataur Shapeshifter.
Everyone else who sought the Orb of Zot has failed.
Will you be different?
Found a beast talisman and a scroll labelled HUVEOCYMUNLA.
Found a staircase leading out of the dungeon.
You see here a beast talisman.
b - a beast talisman
Okay, then.
You drop a beast talisman.
b - a scroll labelled HUVEOCYMUNLA As you open the door, it creaks loudly!
You hear an angry hiss.
You hear a shout!
Found an onyx ring.
Found a stone staircase leading down.
A frilled lizard comes into view.
The frilled lizard hisses angrily.
There is an open door here.
A hobgoblin comes into view.
The hobgoblin shouts!
You hear a shout!
A ball python comes into view.
You see here a ring of see invisible {sInv, !d}.
The ball python hisses angrily.
You miss the frilled lizard. The frilled lizard barely misses you.
You hit the frilled lizard. The hobgoblin closely misses you.
The frilled lizard barely misses you.
You barely miss the frilled lizard. You tail-slap the frilled lizard.
You kill the frilled lizard!
You hit the hobgoblin but do no damage. The hobgoblin hits you.
You take 2 damage, and have 13/15 hp.
You barely miss the hobgoblin.
A kobold comes into view. It is wielding a +0 club.
The hobgoblin hits you but does no damage.
The ball python bites you but does no damage.
Unknown command.
The hobgoblin hits you.
You see here a ring of see invisible {sInv, !d}.
You take 1 damage, and have 12/15 hp.
You closely miss the ball python. The hobgoblin misses you.
The ball python barely misses you.
The hobgoblin attacks as it pursues you!
The hobgoblin hits you.
You take 1 damage, and have 11/15 hp.
You closely miss the hobgoblin. The hobgoblin hits you.
You take 3 damage, and have 8/15 hp.
You are too injured to fight recklessly!
You are too injured to fight recklessly!
You are too injured to fight recklessly!
You are too injured to fight recklessly!
You are too injured to fight recklessly!
You are too injured to fight recklessly!
You hit the hobgoblin.
The hobgoblin hits you but does no damage.
You hit the hobgoblin.
You kill the hobgoblin!
Your Fighting skill increases to level 1!
You punch the ball python!
You kill the ball python!
The kobold attacks as it pursues you! The kobold barely misses you.
Things that are here:
a ring of see invisible {sInv, !d}; a ball python corpse; a hobgoblin corpse You barely miss the kobold.
The kobold barely misses you.
You closely miss the kobold. The kobold hits you with a +0 club.
You take 3 damage, and have 6/16 hp.
You miss the kobold. The kobold hits you with a +0 club.
* * * LOW HITPOINT WARNING * * *
You take 2 damage, and have 4/16 hp.
You hit the kobold. The kobold hits you with a +0 club.
* * * LOW HITPOINT WARNING * * *
You take 3 damage, and have 1/16 hp.
You barely miss the kobold. The kobold barely misses you.
You closely miss the kobold. The kobold hits you with a +0 club.
You die...

#.# ### .. ##.## ..
##...## .# ##.....##
..#
##.......#####..##..
##......%..##.....>..
+.....<.....'K# #
#####...#####h#.#####
##.##............
#.#.....†..#####
#.#.|.........
#.########.#### #+#
.# .# .. #


You could see a kobold.

Vanquished Creatures
  A ball python (D:1)
  A hobgoblin (D:1)
  A frilled lizard (D:1)
3 creatures vanquished.

Notes
Turn   | Place    | Note
-------+----------+-------------------------------------------
     0 | D:1      | HilariousDeathArtist the Armataur Shapeshifter began the
                  | quest for the Orb.
     0 | D:1      | Reached XP level 1. HP: 15/15 MP: 1/1
    26 | D:1      | Reached skill level 1 in Fighting
    30 | D:1      | HP: 4/16 [kobold/+0 club (2)]
    31 | D:1      | HP: 1/16 [kobold/+0 club (3)]
    33 | D:1      | Slain by a kobold

Illustrated notes

Levels and vault maps discovered:
D:1:      mrwooster_arrival_arrow, layout_loops_ring

Skill      XL: |  1 |
---------------+----+-----
Fighting       | 1 |  1.0
Dodging        | |  1.3
Unarmed Combat | |  2.7
Shapeshifting  | |  2.7

Action                     || total
---------------------------++-------
  Melee: Unarmed           ||    16
         Tailslap          ||     1
 Armour: Animal skin       ||    11
  Dodge: Dodged            ||     8

Table legend: (Time is in decaauts)
 A = Elapsed time spent in this place.
 B = Non-inter-level travel time spent in this place.
 C = Inter-level travel time spent in this place.
 D = Time resting spent in this place.
 E = Time spent auto-exploring this place.
 F = Levels seen in this place.
 G = Mean time per level.
                   A        B        C        D        E       F      G
               +--------+--------+--------+--------+--------+-----+--------+
         Total |     32 |     32 |      0 |      0 |      6 |   1 |   32.0 |
       Dungeon |     32 |     32 |      0 |      0 |      6 |   1 |   32.0 |
               +--------+--------+--------+--------+--------+-----+--------+

Top non-repeatable levels by time:
     D:1: 32 daAuts

Levels and vault maps discovered:
D:1:      mrwooster_arrival_arrow, layout_loops_ring

Table legend: (Time is in decaauts)
 A = Elapsed time spent in this place.
 B = Non-inter-level travel time spent in this place.
 C = Inter-level travel time spent in this place.
 D = Time resting spent in this place.
 E = Time spent auto-exploring this place.
 F = Levels seen in this place.
 G = Mean time per level.
                   A        B        C        D        E       F      G
               +--------+--------+--------+--------+--------+-----+--------+
         Total |     32 |     32 |      0 |      0 |      6 |   1 |   32.0 |
       Dungeon |     32 |     32 |      0 |      0 |      6 |   1 |   32.0 |
               +--------+--------+--------+--------+--------+-----+--------+

Top non-repeatable levels by time:
     D:1: 32 daAuts

Table legend:
 A = Kills in this place as a percentage of kills in the entire game.
 B = Kills by you in this place as a percentage of kills by you in the entire game.
 C = Kills by friends in this place as a percentage of kills by friends in the entire game.
 D = Other kills in this place as a percentage of other kills in the entire game.
 E = Experience gained in this place as a percentage of experience gained in the entire game.
 F = Experience gained in this place divided by the number of levels of this place that you have seen.
                   A       B       C       D       E      F
               +-------+-------+-------+-------+-------+----------------------
         Total | 100.0 | 100.0 |   N/A |   N/A | 100.0 |   5.0
       Dungeon | 100.0 | 100.0 |   N/A |   N/A | 100.0 |   5.0
               +-------+-------+-------+-------+-------+----------------------
